cohdb
Replays
Latest Replays
All Replays
Popular Replays
Top Player Replays
Match Explorer
How It Works
Community
CoH3 Stats
Reddit
Sign in to upload your games and track your stats! →
Sign in with Steam
Match 46000798
Unlisted
Match 46000798
Overview
Messages
Build Orders
End
Kettenkrad Recon Vehicle
Construct Infanterie Kompanie
MG 42 Machine Gun Team
Selects Terror Battlegroup
Selects Machine Gun Camouflage
MG 42 Machine Gun Team
Grenadier Squad
GrW 34 Mortar Team
Medical Station
Construct Panzergrenadier Kompanie
Pioneer Squad
Support Elements
Panzergrenadier Squad
Selects Defend the Fatherland
Selects Interrogate
StuG III G Assault Gun
Panzergrenadier Squad
Selects No Quarter
Nebelwerfer 42 Rocket Launcher Team
Panzergrenadier Officer Quarters
Panzergrenadier Squad
Construct Panzer Kompanie
Nebelwerfer 42 Rocket Launcher Team
Selects Jericho Trumpet
Jericho Trumpet
Sturmpanzer IV Brummbär
Pioneer Squad
Selects V1 Rocket Strike
V1 Rocket Strike
Niker1
.Cthulhu.
TaNkKGB
Falcon
ßoo
Tactical Nuclear Cow
0
0
Comments
sign in to comment!
No comments posted yet!